 Dungeon Sprint DCSS version 0.22-a0-836-gec0ffd4 (webtiles) character file.

514 BaronVonScrub the Carver (level 7, -1/76 HPs)
             Began as a Deep Dwarf Berserker on July 25, 2018.
             Was a Believer of Trog.
             Slain by a red devil
             ... wielding a +0 trident
             ... summoned by a kobold demonologist
              (6 damage)
             ... in the Dungeon (Sprint I: "Red Sonja").
             The game lasted 00:02:03 (155 turns).

BaronVonScrub the Carver (Deep Dwarf Berserker)      Turns: 155, Time: 00:02:04

Health: -1/76      AC:  2    Str: 23      XL:     7   Next: 0%
Magic:  7/7        EV: 15    Int:  7      God:    Trog [**....]
Gold:   216        SH:  0    Dex: 11 (12) Spells: 6/6 levels left

rFire    . . .     SeeInvis .   a - +0 falchion
rCold    . . .     Gourm    .   (no shield)
rNeg     . . .     Faith    .   b - +0 animal skin
rPois    .         Spirit   .   (no helmet)
rElec    .         Reflect  .   (no cloak)
rCorr    .         Harm     .   (no gloves)
MR       +....     NoTele   +   (no boots)
Stlth    +.........             (no amulet)
HPRegen  0.00/turn              (no ring)
MPRegen  0.10/turn              (no ring)

@: berserk cooldown, non-regenerating
A: damage resistance, heal wounds, sense surroundings 1, no regeneration
a: Heal Wounds, Berserk, Trog's Hand, Renounce Religion


You were in the Dungeon.
You worshipped Trog.
Trog was pleased with you.
You were hungry.

You visited 1 branch You collected 216 gold pieces.

Inventory:

Hand Weapons
 a - a +0 falchion (weapon)
Armour
 b - a +0 animal skin (worn)
Scrolls
 i - a scroll of blinking
Potions
 d - a potion of curing
 e - 2 potions of heal wounds
 f - a potion of haste
 g - 2 potions of magic
 h - a potion of berserk rage
Comestibles
 c - a ration


   Skills:
 + Level 9.1 Fighting
 + Level 10.7 Long Blades
 - Level 2.1 Armour
 + Level 6.3 Dodging


You had 6 spell levels left.
You didn't know any spells.
Your spell library was empty.

Dungeon Overview and Level Annotations

Branches:
Dungeon (1/1)

Altars:
Makhleb
Xom
Jiyva
Lugonu


Innate Abilities, Weirdness & Mutations

You are resistant to damage.
You can heal yourself by infusing magical energy.
You passively map a small area around you.
You do not regenerate.


Message History

You slash the crimson imp!
The crimson imp is severely wounded.
You feel yourself speed up.
The kobold demonologist casts a cantrip, but nothing happens.
The kobold demonologist casts a spell.
The crimson imp blinks! x2; The red devil barely misses you.
You riposte.
You hit the red devil.
The red devil is lightly wounded.
You hit the kobold demonologist.
The kobold demonologist is lightly wounded.
The kobold demonologist hits you with a dagger.
* * * LOW HITPOINT WARNING * * *
You hit the kobold demonologist.
The kobold demonologist is moderately wounded.
The quasit bites you.
You feel clumsy. The quasit closely misses you. x2
The crimson imp shouts, "Begone, thou mewling muck-plodding clotpole!"
The red devil hits you with a trident!
You die...

######################
..'..#..'..#__#4@K55.#
).#.)').#..'^.55K#5..#
+
####'#####+#__####,..+
* #..# , ,####, ##, *
_####,, ≈ , * , * _ +
_, ≈ , ,, , , ≈ , , __
*+ * ,, , + *


You could see 2 kobold demonologists, a red devil, an iron imp, a quasit, a
crimson imp, a shadow imp and an ufetubus.

Vanquished Creatures
  A slime creature (D)
  Sigmund (D)
  A floating eye (D)
  An ogre (D)
  Ijyb (D)
5 creatures vanquished.

Notes
Turn   | Place    | Note
-------+----------+-------------------------------------------
     0 | D        | BaronVonScrub the Deep Dwarf Berserker began the quest for the Orb.
     0 | D        | Reached XP level 1. HP: 20/20 MP: 1/1
     1 | D        | Noticed Ijyb
     8 | D        | Killed Ijyb
     8 | D        | Reached skill level 4 in Long Blades
     8 | D        | Reached XP level 2. HP: 31/31 MP: 2/2
    48 | D        | Noticed an ogre
    57 | D        | Killed an ogre
    57 | D        | Reached skill level 7 in Long Blades
    57 | D        | Reached XP level 3. HP: 14/40 MP: 3/3
    57 | D        | Reached XP level 4. HP: 17/48 MP: 4/4
    71 | D        | Noticed Sigmund
    83 | D        | Killed Sigmund
    83 | D        | Reached ** piety under Trog
    83 | D        | Reached skill level 9 in Long Blades
    83 | D        | Reached skill level 5 in Dodging
    83 | D        | Reached XP level 5. HP: 18/57 MP: 5/5
   106 | D        | Found a burning altar of Makhleb.
   106 | D        | Found a viscous altar of Jiyva.
   106 | D        | Found a shimmering altar of Xom.
   106 | D        | Found a corrupted altar of Lugonu.
   106 | D        | Noticed a slime creature
   124 | D        | Killed a slime creature
   124 | D        | Reached skill level 10 in Long Blades
   124 | D        | Reached XP level 6. HP: 9/68 MP: 6/6
   136 | D        | Noticed a kobold demonologist
   137 | D        | Noticed a floating eye
   138 | D        | Noticed a kobold demonologist
   140 | D        | Paralysed by a floating eye for 3 turns
   145 | D        | Paralysed by a floating eye for 2 turns
   151 | D        | Killed a floating eye
   151 | D        | Reached XP level 7. HP: 7/76 MP: 7/7
   153 | D        | Noticed a red devil
   155 | D        | Slain by a red devil

Vault maps used:
D:        dungeon_sprint_1

Skill      XL: |  1  2  3  4  5  6 |
---------------+-------------------+-----
Fighting       | 4 6 7 8 9 |  9.1
Long Blades    | 4 7 9 10 | 10.7
Dodging        | 3 5 6 |  6.3
Armour         | |  2.1

Action                   |  1- 3 |  4- 6 |  7- 9 || total
-------------------------+-------+-------+-------++-------
Melee: Falchion          |    11 |    36 |     4 ||    51
Invok: Berserk           |     2 |     1 |       ||     3
 Abil: Heal Wounds       |       |     2 |       ||     2
 Stab: Sleeping          |     1 |       |       ||     1
Armor: Animal skin       |     1 |       |       ||     1
Dodge: Dodged            |     3 |    12 |     4 ||    19
       Rpst.: Falchion   |     1 |     5 |     1 ||     7

Table legend:
 A = Spawn XP
 B = Non-spawn XP
 C = Spawn XP percentage of total XP
 D = Spawn monster count
 E = Non-spawn monster count
 F = Spawn count percentage of total count
 G = Total turns spent on level
                    A         B        C        D         E        F      G
               +---------+---------+-------+---------+---------+-------+---------
         Total |       0 |     735 |   0.0 |       0 |       5 |   0.0 |   155
               +---------+---------+-------+---------+---------+-------+---------
             D |       0 |     735 |   0.0 |       0 |       5 |   0.0 |   155
               +---------+---------+-------+---------+---------+-------+---------
